 Dungeon Crawl Stone Soup version 0.22.1 (webtiles) character file.

443 Riddle the Ducker (level 7, -2/59 HPs)
             Began as a Gnoll Monk on Sept 17, 2018.
             Killed by divine providence
             ... invoked by an orc priest
              (6 damage)
             ... on level 4 of the Dungeon.
             The game lasted 00:07:24 (4088 turns).

Riddle the Ducker (Gnoll Monk)                      Turns: 4088, Time: 00:07:24

Health: -2/59      AC:  1    Str: 11    XL:     7   Next: 2%
Magic:  0/10       EV: 17    Int: 15    God:
Gold:   229        SH:  0    Dex: 19    Spells: 10/10 levels left

rFire    + . .     SeeInvis .   a - +0 falchion
rCold    + . .     Gourm    .   (no shield)
rNeg     . . .     Faith    .   (no armour)
rPois    +         Spirit   +   (no helmet)
rElec    +         Reflect  .   (no cloak)
rCorr    +         Harm     .   (no gloves)
MR       .....                  k - +0 pair of boots
Stlth    +++.......             l - amulet of guardian spirit
HPRegen  0.19/turn              (no ring)
MPRegen  0.12/turn              (no ring)

@: resistant
A: distributed training, fangs 1, clever 1, deformed body, weak 1, strong nose
a: no special abilities


You were on level 4 of the Dungeon.
You were not hungry.

You visited 1 branch of the dungeon, and saw 4 of its levels.

You collected 229 gold pieces.

Inventory:

Hand Weapons
 a - a +0 falchion (weapon)
Missiles
 e - 69 stones (quivered)
Armour
 b - a +0 robe
 k - a +0 pair of boots (worn)
 m - a +0 ring mail of cold resistance
 r - the +1 ring mail of Fun {rN+ Str-4 Dex+3 SInv, unknown}
   (You found it on level 4 of the Dungeon)

   It affects your strength (-4).
   It affects your dexterity (+3).
   It protects you from negative energy.
   It lets you see invisible.
Jewellery
 d - a +4 ring of intelligence {unknown}
 f - an uncursed ring of resist corrosion {unknown}
 l - an amulet of guardian spirit (around neck)
Scrolls
 i - a scroll of fear {unknown}
 o - a scroll of teleportation {unknown}
 s - a scroll of remove curse {unknown}
 t - a scroll of enchant weapon {unknown}
Potions
 j - a potion of berserk rage {unknown}
 n - a potion of mutation
 p - a potion of curing {unknown}
 q - a potion of cancellation {unknown}
Comestibles
 c - 8 rations
 u - a chunk of flesh


   Skills:
 + Level 6.9 Fighting
 + Level 2.1 Short Blades
 + Level 6.9 Long Blades
 + Level 2.1 Axes
 + Level 2.1 Maces & Flails
 + Level 2.1 Polearms
 + Level 2.1 Staves
 + Level 2.1 Slings
 + Level 2.1 Bows
 + Level 2.1 Crossbows
 + Level 2.1 Throwing
 + Level 2.1 Armour
 + Level 6.9 Dodging
 + Level 4.7 Stealth
 + Level 2.1 Shields
 + Level 2.1 Unarmed Combat
 + Level 2.1 Spellcasting
 + Level 1.7 Conjurations
 + Level 1.7 Hexes
 + Level 1.7 Charms
 + Level 1.7 Summonings
 + Level 1.7 Necromancy
 + Level 1.7 Translocations
 + Level 1.7 Transmutations
 + Level 1.7 Fire Magic
 + Level 1.7 Ice Magic
 + Level 1.7 Air Magic
 + Level 1.7 Earth Magic
 + Level 1.7 Poison Magic
 + Level 2.4 Invocations
 + Level 2.1 Evocations


You had 10 spell levels left.
You didn't know any spells.
Your spell library was empty.

Dungeon Overview and Level Annotations

Branches:
Dungeon (4/15)
 Temple: D:4-7

Altars:
Makhleb
Wu Jian

Shops:
D:4 }


Innate Abilities, Weirdness & Mutations

Your experience applies equally to all skills.
You have very sharp teeth.
Your uncanny sense of smell can sniff out nearby items.
Your mind is acute. (Int +2)
Armour fits poorly on your strangely shaped body.
You are weak. (Str -2)


Message History

The orc's wounds heal themselves!
You continue taking off your +0 robe.
The orc hits you from afar with a trident.
* * * LOW HITPOINT WARNING * * *
You continue taking off your +0 robe.
The orc hits you from afar with a trident!
* * * LOW HITPOINT WARNING * * *
You finish taking off your +0 robe.
It was a potion of mutation.
You feel extremely strange.
You feel weaker.
Your body twists and deforms.
You feel clever.
The orc hits you from afar with a trident.
* * * LOW HITPOINT WARNING * * *
It was a potion of magic.
Magic courses through your body.
The orc hits you from afar with a trident.
* * * LOW HITPOINT WARNING * * *
It was a potion of resistance.
You feel protected.
The orc priest mumbles some strange prayers to Beogh against you.
Beogh smites you!
You die...

############
#############..........#
####........ooo.@.........#
.....###########..........#
###### #..........# ###
############ #.# ###### ..#
########## ##### ###....#
..# #........###...##
#...##.# #.#
#.)......##.....###.####.#
#.#
#......(.#.......##.##...#


You could see an orc priest and 2 orcs.

Vanquished Creatures
  A centaur skeleton (D:4)
  A bullfrog skeleton (D:4)
  2 hounds
  An iguana (D:4)
  3 orc wizards
  4 gnolls (D:2)
  A howler monkey skeleton (D:4)
  10 adders
  A worm (D:3)
  A dart slug (D:1)
  2 leopard geckos
  10 orcs
  7 bats
  2 giant cockroaches
  7 goblins
  7 hobgoblins
  6 jackals (D:1)
  7 kobolds
  3 frilled lizards
  5 rats
81 creatures vanquished.

Notes
Turn   | Place    | Note
-------+----------+-------------------------------------------
     0 | D:1      | Riddle the Gnoll Monk began the quest for the Orb.
     0 | D:1      | Reached XP level 1. HP: 23/23 MP: 1/1
    57 | D:1      | Reached XP level 2. HP: 26/29 MP: 2/2
   437 | D:1      | Reached XP level 3. HP: 35/35 MP: 3/3
  1131 | D:2      | Reached skill level 1 in Invocations
  1350 | D:2      | Reached skill level 1 in Short Blades
  1350 | D:2      | Reached skill level 1 in Axes
  1350 | D:2      | Reached skill level 1 in Maces & Flails
  1350 | D:2      | Reached skill level 1 in Polearms
  1350 | D:2      | Reached skill level 1 in Staves
  1350 | D:2      | Reached skill level 1 in Slings
  1350 | D:2      | Reached skill level 1 in Bows
  1350 | D:2      | Reached skill level 1 in Crossbows
  1350 | D:2      | Reached skill level 1 in Throwing
  1350 | D:2      | Reached skill level 1 in Armour
  1350 | D:2      | Reached skill level 1 in Shields
  1350 | D:2      | Reached skill level 1 in Unarmed Combat
  1350 | D:2      | Reached skill level 1 in Spellcasting
  1350 | D:2      | Reached skill level 1 in Evocations
  1350 | D:2      | Reached XP level 4. HP: 21/41 MP: 5/5
  1774 | D:2      | Found an ornate altar of the Wu Jian Council.
  1800 | D:2      | Reached skill level 1 in Conjurations
  1800 | D:2      | Reached skill level 1 in Hexes
  1800 | D:2      | Reached skill level 1 in Charms
  1800 | D:2      | Reached skill level 1 in Summonings
  1800 | D:2      | Reached skill level 1 in Necromancy
  1800 | D:2      | Reached skill level 1 in Translocations
  1800 | D:2      | Reached skill level 1 in Transmutations
  1800 | D:2      | Reached skill level 1 in Fire Magic
  1800 | D:2      | Reached skill level 1 in Ice Magic
  1800 | D:2      | Reached skill level 1 in Air Magic
  1800 | D:2      | Reached skill level 1 in Earth Magic
  1800 | D:2      | Reached skill level 1 in Poison Magic
  1831 | D:2      | Reached XP level 5. HP: 32/47 MP: 6/6
  3045 | D:3      | Found a faded altar of an unknown god.
  3290 | D:3      | Found a burning altar of Makhleb.
  3304 | D:3      | Reached XP level 6. HP: 46/53 MP: 6/8
  3472 | D:4      | Got a warped ring mail
  3596 | D:4      | Noticed a phantom
  3996 | D:4      | Reached XP level 7. HP: 47/59 MP: 7/10
  4024 | D:4      | Found Kaucubb's Gadget Shop.
  4086 | D:4      | Gained mutation: You are weak. (Str -2) [potion of
                  | mutation]
  4086 | D:4      | Gained mutation: Armour fits poorly on your strangely
                  | shaped body. [potion of mutation]
  4086 | D:4      | Gained mutation: Your mind is acute. (Int +2) [potion of
                  | mutation]
  4088 | D:4      | Killed from afar by an orc priest

Skill      XL: |  1  2  3  4  5  6 |
---------------+-------------------+-----
Invocations    | 1 2 |  2.4
Short Blades   | 1 2 |  2.1
Axes           | 1 2 |  2.1
Maces & Flails | 1 2 |  2.1
Polearms       | 1 2 |  2.1
Staves         | 1 2 |  2.1
Slings         | 1 2 |  2.1
Bows           | 1 2 |  2.1
Crossbows      | 1 2 |  2.1
Throwing       | 1 2 |  2.1
Armour         | 1 2 |  2.1
Shields        | 1 2 |  2.1
Unarmed Combat | 1 2 |  2.1
Spellcasting   | 1 2 |  2.1
Evocations     | 1 2 |  2.1
Conjurations   | 1 |  1.7
Hexes          | 1 |  1.7
Charms         | 1 |  1.7
Summonings     | 1 |  1.7
Necromancy     | 1 |  1.7
Translocations | 1 |  1.7
Transmutations | 1 |  1.7
Fire Magic     | 1 |  1.7
Ice Magic      | 1 |  1.7
Air Magic      | 1 |  1.7
Earth Magic    | 1 |  1.7
Poison Magic   | 1 |  1.7
Fighting       | |  6.9
Long Blades    | |  6.9
Dodging        | |  6.9
Stealth        | |  4.7

Action                   |  1- 3 |  4- 6 |  7- 9 || total
-------------------------+-------+-------+-------++-------
Melee: Falchion          |    84 |   213 |    11 ||   308
       Bite              |    14 |    32 |     2 ||    48
       Punch             |       |     5 |       ||     5
  Use: Scroll            |       |     2 |       ||     2
       Potion            |       |       |     3 ||     3
 Stab: Sleeping          |     5 |     5 |       ||    10
  Eat: Chunk             |     1 |     9 |       ||    10
Armor: Robe              |     9 |    20 |     2 ||    31
Dodge: Dodged            |    68 |   169 |    11 ||   248
       Rpst.: Falchion   |    20 |    55 |     1 ||    76
